 Dungeon Crawl Stone Soup version 0.28-a0-1002-gf00fe891ef (webtiles) character file.

Game seed: 13660020439034558815

35431 freelancePsychic the Convoker (level 13, -10/65 (66) HPs)
             Began as a Felid Summoner on Dec 6, 2021.
             Was an Elder of Jiyva (penitent).
             Mangled by a soul eater (18 damage)
             ... summoned by an orc high priest
             ... on level 2 of the Orcish Mines on Dec 7, 2021.
             The game lasted 01:44:08 (29923 turns).

freelancePsychic the Convoker (Felid Summoner)     Turns: 29923, Time: 01:44:09

HP:   -10/65 (66)   AC:  3    Str: 10    XL:     13   Next: 47%
MP:   11/31         EV: 24    Int: 21    God:    Jiyva [*]
Gold: 2669          SH:  0    Dex: 17    Spells: 13/39 levels left
                                        Lives: 0   Deaths: 3

rFire   + . .      SeeInvis +   (weapon unavailable)
rCold   + . .      Faith    .   (shield unavailable)
rNeg    . . .      Spirit   .   (armour unavailable)
rPois   .          Reflect  .   (helmet unavailable)
rElec   .          Harm     .   (cloak unavailable)
rCorr   .          Rampage  .   (gloves unavailable)
Will    +....                   (boots unavailable)
Stlth   ++........              (no amulet)
HPRegen 0.20/turn               t - ring of wizardry
MPRegen 0.22/turn               y - ring of Hepliaklqana's Regard {rF+ Str+6}

@: forested, lightly drained, quick
A: very small, claws 1, fangs 3, see invisible, speed 1, shaggy fur 3, stealthy
paws, no weapons or thrown items, no armour, multi-lived, wild magic 3
a: Renounce Religion


You were on level 2 of the Orcish Mines.
You worshipped Jiyva.
Jiyva was demanding penance.
You visited 5 branches of the dungeon, and saw 25 of its levels.
You also visited: Sewer and Volcano.

You collected 2669 gold pieces.

Inventory:

Jewellery
 q - a ring of resist corrosion
 t - a ring of wizardry (left paw)
 y - the ring of Hepliaklqana's Regard (right paw) {rF+ Str+6}
   (You acquired it on level 10 of the Dungeon)

   [ring of strength]

   Str:       It affects your strength (+6).
   rF:        It protects you from fire.
 F - a ring of willpower
 G - a ring of magical power
Wands
 f - a wand of polymorph (19)
 w - a wand of flame (36)
 z - a wand of iceblast (3)
 A - a wand of mindburst (10)
 B - a wand of digging (5)
 I - a wand of charming (2)
 J - a wand of acid (5)
Scrolls
 g - 2 scrolls of vulnerability
 i - 2 scrolls of immolation
 r - 2 scrolls of silence
 u - a scroll of fog
 x - 2 scrolls of teleportation {@r4}
 D - 2 scrolls of blinking
 E - a scroll of magic mapping
Potions
 a - 2 potions of invisibility
 b - 6 potions of magic
 c - 2 potions of curing {@q1}
 d - 4 potions of might
 e - a potion of berserk rage
 h - 4 potions of resistance
 j - 5 potions of lignification {unknown}
 k - 5 potions of mutation {unknown}
 l - 3 potions of brilliance {unknown}
 n - 4 potions of attraction
 o - a potion of haste {unknown}
 p - 3 potions of degeneration {unknown}
 s - 3 potions of flight {unknown}
 C - 2 potions of heal wounds {unknown}
 H - 2 potions of cancellation {unknown}


   Skills:
 + Level 13.3 Fighting
 - Level 10.3 Dodging
 - Level 2.6 Stealth
 + Level 13.5 Spellcasting
 - Level 0.5 Conjurations
 - Level 3.0 Hexes
 + Level 15.3 Summonings
 - Level 10.1 Translocations
 - Level 3.4 Transmutations
 - Level 4.7 Air Magic


You had 13 spell levels left.
You knew the following spells:

 Your Spells              Type           Power      Damage    Failure   Level
a - Summon Hydra          Summ           49%        N/A       9%          7
b - Call Canine Familiar  Summ           99%        N/A       1%          3
c - Summon Cactus Giant   Summ           49%        N/A       3%          6
d - Summon Forest         Summ/Tloc      45%        N/A       2%          5
e - Summon Lightning Spi  Summ/Air       82%        N/A       2%          4
f - Summon Small Mammal   Summ           100%       N/A       1%          1

Your spell library contained the following spells:

 Spells                   Type           Power      Damage    Failure   Level
 Apportation              Tloc           100%       N/A       1%          1
 Blink                    Tloc           100%       N/A       1%          2
 Call Imp                 Summ           99%        N/A       1%          2
 Lesser Beckoning         Tloc           82%        N/A       1%          3
 Summon Guardian Golem    Hex/Summ       79%        N/A       1%          3
 Slow                     Hex            100%       N/A       3%          1
 Poisonous Vapours        Pois/Air       90%        N/A       4%          2
 Static Discharge         Conj/Air       48%        N/A       4%          2
 Swiftness                Air            60%        N/A       4%          3
 Manifold Assault         Tloc           82%        N/A       4%          5
 Summon Mana Viper        Hex/Summ       79%        N/A       5%          5
 Confusing Touch          Hex            50%        N/A       6%          3
 Scorch                   Fire           52%        2d8       9%          2
 Mephitic Cloud           Conj/Pois/Air  41%        N/A       9%          3
 Stone Arrow              Conj/Erth      58%        3d10      13%         3
 Yara's Violent Unravell  Hex/Tmut       25%        3d11      28%         5
 Flame Wave               Conj/Fire      29%        2d6       32%         4
 Lightning Bolt           Conj/Air       24%        1d39      32%         5
 Irradiate                Conj/Tmut      21%        3d20      41%         5
 Alistair's Intoxication  Tmut/Pois      26%        N/A       43%         5
 Conjure Ball Lightning   Conj/Air       24%        3x3d7     82%         6
 Lehudib's Crystal Spear  Conj/Erth      14%        10d5      100%        8
 Maxwell's Capacitive Co  Air            30%        ∞         100%        8
 Animate Armour           Summ/Erth      Unusable   N/A       N/A         4

Dungeon Overview and Level Annotations

Branches:
Dungeon (11/15)            Temple (1/1) D:4            Lair (6/6) D:8
 Shoals (0/4) Lair:3        Snake (0/4) Lair:4        Slime (5/5) Lair:6
    Orc (2/2) D:11            Elf (0/3) Orc:2         Sewer (visited)
Volcano (visited)

Altars:
Ashenzari
Cheibriados
Dithmenos
Elyvilon
Fedhas
Gozag
Hepliaklqana
Kikubaaqudgha
Makhleb
Nemelex Xobeh
Okawaru
Qazlal
Ru
Sif Muna
Trog
Uskayaw
Vehumet
Wu Jian
Xom
Yredelemnul
Zin
The Shining One
Jiyva
Lugonu

Portals:
Hell: Lair:6
Abyss: D:6

Annotations:
Lair:6 1 runed translucent door, miscthings's ghost, journeyman SpEn
Slime:5 Royal Jelly


Innate Abilities, Weirdness & Mutations

You have sharp claws.
You have razor-sharp teeth.
You have supernaturally acute eyesight. (SInv)
You cover ground quickly. (Speed+)
Your thick and shaggy fur keeps you warm. (AC +3, rC+)
Your paws help you pounce on unaware monsters.
You are incapable of wielding weapons or throwing items.
You cannot wear armour.
You gain extra lives every three experience levels.
Your spells are much harder to cast, but much more powerful.


Message History

Your eight-headed hydra bites the orc high priest!
Your eight-headed hydra bites the orc high priest.
Your eight-headed hydra barely misses the orc high priest. x2
Your eight-headed hydra bites the orc high priest!
Your eight-headed hydra bites the orc high priest.
Your eight-headed hydra barely misses the orc high priest.
Your dryad closely misses the orc high priest.
What are your orders? t - Meow!
Orders for allies: a - Attack new target. p - Attack previous target. r - Retreat! s - Stop attacking. g - Guard the area. f - Follow me.
Anything else - Cancel.
Gang up on whom?
Press: ? - help, Dir - move target, f/p - orc high priest
Aim: an orc high priest, wielding a +0 short sword (almost dead, ally target) Attack!
The orc high priest mumbles some strange prayers to Beogh.
Send 'em back where they came from!
Your dryad disappears in a puff of smoke!
The vine falls limply to the ground.
Your eight-headed hydra disappears in a puff of smoke!
The soul eater hits you.
You feel drained.
You hear a distant slurping noise.
Casting: Summon Hydra (quite dangerous; 9% risk of failure)
Confirm with . or Enter, or press ? or * to list all spells.
The spell is quite dangerous to miscast (9% risk of failure)!
Continue anyway?
An eight-headed hydra appears.
The orc high priest prays to Beogh.
Send 'em back where they came from!
Your eight-headed hydra disappears in a puff of smoke!
The soul eater draws from the surrounding life force!
* * * LOW HITPOINT WARNING * * *
As you read the scroll of summoning, it crumbles to dust.
Wisps of shadow whirl around you...
The orc high priest hits you with a +0 short sword.
* * * LOW HITPOINT WARNING * * *
You hear a distant slurping noise.
You hear a squelching noise.
The soul eater hits you!!
You die...

##..........## #....#♣....##
♣♣##.♣♣.....♣♣♣ ###
.♣####...♣.♣..♣♣###.##
..♣♣♣#♣.......♣.#....#
R.....#♣......o......#
)....♣.#♣...♣.#.#...#
..)♣...♣.^.....♣oo..## #
......))..R)..♣§@o.o.#.##
♣♣...[.....♣.#.♣3oo.....#
#..).)....♣..h)oooo.o..##
....).........oo.§o....#
..#.♣...........o#######
.................o.# #######
........♣...♣......# ###.....###
...................####..o......#
...................##....†.......


You could see a soul eater (summoned, ally target), an orc high priest (ally
target), a friendly orc knight (summoned), a friendly warg (summoned,
wandering), 3 friendly orc warriors, 3 friendly orc priests, a friendly orc
wizard (summoned, wandering) and 8 friendly orcs.

Vanquished Creatures
  An orc sorcerer (Orc:1)
  3 orc warriors (Orc:2)
  A bullfrog (Lair:2)
  2 jellies (Orc:2)
  A bullfrog zombie (D:6)
  5 orc priests
  An orc wizard (D:5)
  A hound skeleton (D:5)
  2 howler monkey zombies
  A howler monkey skeleton (D:6)
  An adder (D:5)
  7 orcs
  A ball python (D:1)
  2 endoplasms
  3 giant cockroaches
  3 goblins
  A jackal (D:1)
  3 bats
  4 frilled lizards
  2 kobolds (Sewer)
  3 rats
48 creatures vanquished.

Vanquished Creatures (collateral kills)
  An orc warlord (Orc:2)
  A dire elephant (Lair:6)
  An ettin (Orc:1)
  6 hydras
  An ogre mage (Volcano)
  2 catoblepae
  A boulder beetle (Lair:2)
  8 two-headed ogres
  7 death yaks
  2 orc high priests
  A hell knight (Volcano)
  Sonja (Orc:1)
  A sun demon (Lair:6)
  A fire crab (Lair:6)
  7 orc knights
  A cyclops (Orc:1)
  A necromancer (Lair:2)
  3 orc sorcerers
  29 elephants
  A merfolk siren (Lair:3)
  4 black mambas
  A smoke demon (Lair:6)
  A torpor snail (Lair:3)
  An orange demon (Lair:6)
  21 cane toads
  5 rime drakes
  A kobold demonologist (D:11)
  10 komodo dragons
  3 ice devils (Lair:6)
  2 red devils (Lair:6)
  3 trolls
  3 polar bears
  10 blink frogs
  6 dream sheep (Lair:4)
  2 wyverns
  Sigmund (D:4)
  6 basilisks
  72 yaks
  2 steam dragons
  2 vampire mosquitoes (D:11)
  4 wargs
  2 nagas (Lair:4)
  14 water moccasins
  3 hell hounds (Lair:6)
  28 orc warriors
  2 sky beasts
  3 black bears
  5 ogres
  4 wolves (Lair:1)
  7 centaurs
  A phantom (D:6)
  A kobold brigand (D:7)
  7 nameless horrors
  10 bullfrogs
  A wyvern zombie (D:8)
  5 wights (D:8)
  A howler monkey (D:5)
  An electric eel (Lair:6)
  4 centaur zombies
  2 centaur skeletons
  18 orc priests
  A hound (D:5)
  A jelly (D:6)
  2 bullfrog skeletons
  4 iguanas
  2 yak simulacra (Lair:2)
  8 orc wizards
  2 polar bear simulacra (Lair:2)
  4 wolf simulacra (Lair:2)
  A hound skeleton (D:4)
  A mummy (D:6)
  6 howler monkey zombies (D:9)
  16 gnolls
  A river rat (D:5)
  11 adders
  2 shadow imps (D:7)
  3 white imps (D:6)
  An ufetubus (D:4)
  An adder skeleton (D:4)
  A worm (D:5)
  2 dart slugs
  65 orcs
  10 endoplasms
  3 giant cockroaches
  5 goblins
  4 hobgoblins
  9 jackals
  5 quokkas
  9 ball pythons
  8 bats
  2 frilled lizards
  24 kobolds
  9 rats
  3 river rat simulacra (Lair:2)
  4 bushes (D:8)
585 creatures vanquished.

Vanquished Creatures (others)
  A wizard (Lair:6)
  An orc sorcerer (Orc:2)
  A cyclops (Orc:2)
  A rime drake (Lair:6)
  A troll (D:10)
  A yak (D:10)
  A wyvern (D:8)
  A basilisk (D:8)
  2 water moccasins (D:8)
  Edmund (D:4)
  An orc warrior (Orc:1)
  A hornet zombie (D:5)
  A scorpion (D:5)
  20 jellies
  5 orc priests (Orc:2)
  2 orc wizards
  3 gnolls (D:4)
  24 orcs
  2 endoplasms
  A hobgoblin (D:2)
  A kobold (D:4)
  A bush (D:8)
  82 fungi
  A lurking horror (D:6)
  168 plants
  9 snaplasher vines
333 creatures vanquished.

Grand Total: 966 creatures vanquished

Notes
Turn   | Place    | Note
-------+----------+-------------------------------------------
     0 | D:1      | freelancePsychic the Felid Summoner began the quest for the
                  | Orb.
     0 | D:1      | Reached XP level 1. HP: 7/7 MP: 4/4
    59 | D:1      | Noticed a shining eye
    61 | D:1      | Found a faded altar of an unknown god.
    62 | D:1      | Noticed a golden eye
    62 | D:1      | Noticed a floating eye
    62 | D:1      | Noticed a shining eye
   137 | D:1      | Reached XP level 2. HP: 7/11 MP: 3/6
   862 | D:1      | Reached XP level 3. HP: 10/14 MP: 5/7
   866 | D:1      | Learned a level 3 spell: Call Canine Familiar
  1774 | D:2      | Got Asmodeus's Incunabulum of Battle Magic
  1799 | D:2      | Reached skill level 5 in Summonings
  1799 | D:2      | Reached XP level 4. HP: 18/18 MP: 2/9
  1938 | D:2      | Noticed a black bear
  2476 | D:2      | Killed a black bear
  2477 | D:2      | Reached XP level 5. HP: 21/21 MP: 0/10
  2481 | D:2      | Learned a level 3 spell: Summon Guardian Golem
  4154 | D:4      | Gained mutation: You are covered in thick fur. (AC +2)
                  | [Felid growth]
  4154 | D:4      | Reached XP level 6. HP: 25/25 MP: 4/12
  4265 | D:4      | Noticed Edmund
  4279 | D:4      | Reached skill level 6 in Summonings
  4293 | D:4      | Killed Edmund
  4294 | D:4      | Reached skill level 1 in Fighting
  4476 | D:4      | Reached skill level 1 in Air Magic
  4923 | D:4      | Found a staircase to the Ecumenical Temple.
  4971 | Temple   | Entered the Ecumenical Temple
  5150 | Temple   | Became a worshipper of the Shining One
  5292 | D:4      | Reached XP level 7. HP: 21/28 MP: 2/13
  5567 | D:4      | Noticed Sigmund
  5590 | D:4      | Killed Sigmund
  5685 | D:4      | Learned a level 4 spell: Summon Lightning Spire
  5788 | D:5      | Entered Level 5 of the Dungeon
  5865 | D:5      | Found a glowing drain.
  5900 | D:5      | HP: 1/28 [river rat (5)]
  6121 | Sewer    | Entered a sewer
  6125 | Sewer    | Noticed a nameless horror
  6151 | Sewer    | Killed a nameless horror
  6440 | Sewer    | Reached skill level 7 in Summonings
  7231 | D:5      | Found a shimmering blue altar of Sif Muna.
  7237 | D:5      | Found a white marble altar of Elyvilon.
  7425 | D:5      | Reached XP level 8. HP: 32/32 MP: 7/16
  7506 | D:5      | Reached skill level 5 in Spellcasting
  8126 | D:6      | Reached skill level 1 in Translocations
  8581 | D:6      | Reached * piety under the Shining One
  8980 | D:6      | Found a shimmering altar of Xom.
  9170 | D:6      | Noticed a nameless horror
  9365 | D:6      | Found a one-way gate to the infinite horrors of the Abyss.
  9365 | D:6      | Found a corrupted altar of Lugonu.
  9812 | D:6      | Killed a nameless horror
 10282 | D:6      | Reached skill level 8 in Summonings
 10581 | D:7      | Identified 2 scrolls of acquirement
 10584 | D:6      | Acquired the Almanac of Lightness and Companions
 10587 | D:6      | Acquired 1139 gold pieces
 11046 | D:6      | Learned a level 5 spell: Summon Forest
 11181 | D:7      | HP: 1/32 [centaur/arrow (13)]
 11185 | D:7      | Reached XP level 9. HP: 2/36 MP: 2/18
 11487 | D:7      | Reached skill level 5 in Translocations
 11748 | D:7      | HP: 1/36 [centaur/arrow (8)]
 11755 | D:7      | Shot with an arrow by a centaur
 11756 | D:7      | Reached XP level 8. HP: -10/32 MP: 6/18
 12484 | D:8      | Found a staircase to the Lair.
 12485 | D:8      | Reached ** piety under the Shining One
 12492 | D:8      | Reached XP level 9. HP: 38/38 MP: 7/20
 12493 | D:8      | Reached skill level 9 in Summonings
 13645 | D:8      | Reached XP level 10. HP: 43/43 MP: 15/22
 13725 | D:8      | Found a stormy altar of Qazlal.
 14073 | D:8      | Reached skill level 5 in Fighting
 14739 | D:9      | Reached *** piety under the Shining One
 14742 | D:9      | Reached skill level 10 in Summonings
 14996 | D:9      | Reached skill level 10 in Translocations
 15297 | D:9      | Found a basalt altar of Yredelemnul.
 15401 | D:10     | Entered Level 10 of the Dungeon
 15430 | D:10     | Reached skill level 1 in Transmutations
 15687 | D:10     | Found a shadowy altar of Dithmenos.
 15708 | D:10     | Reached XP level 11. HP: 49/49 MP: 21/24
 16012 | D:10     | Noticed a two-headed ogre
 16037 | D:10     | Killed a two-headed ogre
 16201 | D:10     | Noticed a two-headed ogre
 16213 | D:10     | Killed a two-headed ogre
 16328 | D:10     | Acquired the ring of Hepliaklqana's Regard {rF+ Str+6}
 16873 | D:10     | Learned a level 6 spell: Summon Cactus Giant
 16970 | D:11     | Noticed a two-headed ogre
 16976 | D:11     | Killed a two-headed ogre
 16977 | D:11     | Reached skill level 11 in Summonings
 17123 | D:11     | Reached **** piety under the Shining One
 17235 | D:11     | Found a staircase to the Orcish Mines.
 17594 | D:11     | Noticed a seven-headed hydra
 17602 | D:11     | Killed a seven-headed hydra
 18221 | Lair:1   | Entered Level 1 of the Lair of Beasts
 19009 | Lair:1   | Gained mutation: Your thick and shaggy fur keeps you warm.
                  | (AC +3, rC+) [Felid growth]
 19009 | Lair:1   | Reached XP level 12. HP: 56/56 MP: 19/26
 19221 | Lair:2   | Noticed a boulder beetle
 19230 | Lair:2   | Killed a boulder beetle
 19449 | Lair:2   | Reached skill level 5 in Dodging
 19449 | Lair:2   | Reached skill level 10 in Spellcasting
 19634 | Lair:2   | Reached ***** piety under the Shining One
 19892 | Lair:2   | Reached skill level 12 in Summonings
 20229 | Lair:3   | Found a staircase to the Shoals.
 20823 | Lair:3   | Noticed a four-headed hydra
 20838 | Lair:3   | Killed a four-headed hydra
 21312 | Lair:3   | Reached XP level 13. HP: 61/61 MP: 15/28
 21391 | Lair:3   | Reached skill level 10 in Fighting
 21429 | Lair:3   | Found a runed translucent door.
 21851 | Lair:3   | Acquired a book of Lightning
 21926 | Lair:4   | Found a staircase to the Snake Pit.
 22103 | Lair:4   | Reached skill level 13 in Summonings
 22286 | Lair:4   | Found a dark tunnel.
 22295 | Volcano  | Entered a volcano
 22858 | Lair:4   | Reached skill level 10 in Dodging
 24097 | Lair:5   | Identified the +3 cloak of Varid {Regen+}
 24276 | Lair:5   | Reached XP level 14. HP: 67/67 MP: 20/31
 24806 | Lair:6   | Entered Level 6 of the Lair of Beasts
 24818 | Lair:5   | Killed from afar by a rime drake
 24819 | Lair:5   | Reached XP level 13. HP: -5/63 MP: 13/30
 24999 | Lair:6   | Reached skill level 14 in Summonings
 25362 | Lair:6   | Learned a level 7 spell: Summon Hydra
 25815 | Lair:6   | Noticed a dire elephant
 25834 | Lair:6   | Killed a dire elephant
 26537 | Lair:6   | Found a viscous altar of Jiyva.
 26538 | Lair:6   | Found a staircase to the Slime Pits.
 26559 | Lair:6   | Fell from the grace of the Shining One
 26559 | Lair:6   | Became a worshipper of Jiyva Jaffopti the Shapeless
 26562 | Slime:1  | Entered Level 1 of the Pits of Slime
 26562 | Slime:1  | Noticed an acid blob
 26578 | Slime:1  | Noticed a quicksilver ooze
 26609 | Slime:1  | Noticed an acid blob
 26704 | Slime:2  | Noticed an azure jelly
 26704 | Slime:2  | Noticed a quicksilver ooze
 26720 | Slime:2  | Noticed a rockslime
 26751 | Slime:2  | Reached * piety under Jiyva
 26806 | Slime:2  | Noticed an azure jelly
 26817 | Slime:2  | Noticed an acid blob
 26853 | Slime:2  | Noticed a quicksilver ooze
 26857 | Slime:2  | Noticed a rockslime
 26975 | Slime:3  | Noticed a rockslime
 27006 | Slime:3  | Noticed a quicksilver ooze
 27044 | Slime:3  | Reached ** piety under Jiyva
 27139 | Slime:4  | Noticed a quicksilver ooze
 27153 | Slime:4  | Noticed an azure jelly
 27201 | Slime:4  | Noticed a quicksilver ooze
 27321 | Slime:5  | Entered Level 5 of the Pits of Slime
 27321 | Slime:5  | Noticed a rockslime
 27349 | Slime:5  | Noticed an acid blob
 27373 | Slime:5  | Reached *** piety under Jiyva
 27384 | Slime:5  | Noticed a rockslime
 27394 | Slime:5  | Noticed the Royal Jelly
 27400 | Slime:5  | Noticed an acid blob
 27401 | Slime:5  | Noticed an acid blob
 27410 | Slime:5  | Gained mutation: Your melee attacks may engulf your foes in
                  | ooze. [Jiyva's grace]
 27410 | Slime:5  | Gained mutation: Your spells are a little harder to cast,
                  | but a little more powerful. [Jiyva's grace]
 27410 | Slime:5  | Gained mutation: Your spells are harder to cast, but more
                  | powerful. [Jiyva's grace]
 27410 | Slime:5  | Gained mutation: Your spells are much harder to cast, but
                  | much more powerful. [Jiyva's grace]
 27420 | Slime:5  | Noticed a quicksilver ooze
 27433 | Slime:5  | Noticed an azure jelly
 27444 | Slime:5  | Noticed an azure jelly
 27469 | Slime:5  | Noticed an azure jelly
 27488 | Slime:5  | Noticed an acid blob
 27504 | Slime:5  | Noticed an acid blob
 27509 | Slime:5  | Found a viscous altar of Jiyva.
 27553 | Slime:5  | Noticed an azure jelly
 27558 | Slime:5  | Found the +5 demon whip "Spellbinder" {antimagic, Will+}
 27600 | Slime:5  | Noticed an acid blob
 27659 | Lair:6   | Found a runed translucent door.
 27661 | Lair:6   | Noticed miscthings's ghost (journeyman SpEn)
 28354 | Lair:6   | Found a burning altar of Makhleb.
 28418 | Lair:6   | Found a gateway to Hell.
 28687 | Orc:1    | Entered Level 1 of the Orcish Mines
 28687 | Orc:1    | Reached **** piety under Jiyva
 28735 | Orc:1    | Reached XP level 14. HP: 69/69 MP: 22/32
 28867 | Orc:1    | Noticed Sonja
 28872 | Orc:1    | Killed Sonja
 28915 | Orc:1    | Reached skill level 15 in Summonings
 29173 | Orc:2    | Entered Level 2 of the Orcish Mines
 29212 | Orc:2    | Noticed an orc warlord
 29235 | Orc:2    | Killed an orc warlord
 29632 | Orc:2    | Paralysed by an orc sorcerer for 5 turns
 29706 | Orc:2    | Reached ***** piety under Jiyva
 29712 | Orc:2    | Found a staircase to the Elven Halls.
 29744 | Orc:2    | Was placed under penance by Jiyva
 29872 | Orc:2    | HP: 1/70 [sixfirhy[an orc high priest] (11)]
 29879 | Orc:2    | Lost mutation: Your melee attacks may engulf your foes in
                  | ooze. [the all-consuming vengeance of Jiyva]
 29884 | Orc:2    | Slain by an orc warrior
 29885 | Orc:2    | Reached XP level 13. HP: -2/66 MP: 14/31
 29923 | Orc:2    | Mangled by a soul eater

Illustrated notes

Levels and vault maps discovered:
D:1:      dpeg_arrival_tiny_h, layout_basic,
          hellmonk_ecumenical_altar_watching_god
D:2:      layout_basic, lemuel_flame_loot_1
D:3:      layout_basic
D:4:      layout_loops_ring, minmay_temple_entry_trees, minivault_14,
          sigmund_edmund_badplayer
D:5:      layout_gridville, mainiacjoe_overflow_big_doors,
          lightli_sewer_entry_pipes, nrook_pool_corridor
D:6:      layout_cave_pools, mainiacjoe_overflow_alcove_1,
          gup_ossuary_entry_pyramid, amcnicky_altar_lugonu_corruption
D:7:      nicolae_whirlpool, layout_cave_pools, chequers_avenue
D:8:      layout_loops_cross, lemuel_round_altar, minmay_lair_entry_grove,
          chequers_serial_rivers_micro_a, hangedman_minor_gate_pass
D:9:      layout_basic, nicolae_yredelemnul_corpse_copse,
          chequers_serial_rivers_small_3
D:10:     layout_stronghold, kennysheep_mini_moat
D:11:     layout_irregular_city, david_orc_1_choice, small_statue_intersection
Temple:   eino_temple_rhombus
Lair:1:   layout_chaotic_city
Lair:2:   layout_misc_corridors, eino_house_with_fridge,
          infiniplex_staircase_pool_2
Lair:3:   layout_loops_ring, minmay_shoals_entry_lonely_mermaid, pf_torpor_hydra
Lair:4:   layout_long_grid, guppyfry_snake_entry_garden,
          lightli_volcano_entry_magma_tube, grunt_megastairs_4,
          lemuel_fruit_fields, lemuel_fruit_tree
Lair:5:   layout_regular_city
Lair:6:   evil_forest, layout_concentric_octagons, slime_altar_1, serial_bayou,
          serial_bayou_ford_a, serial_bayou_crossing, serial_bayou_pond_b,
          serial_bayou_pond_c, ebering_ghost_inner_flame, minivault_25,
          minivault_26
Slime:1:  layout_caves, cheibrodos_slime_lost_civilization_4
Slime:2:  layout_caves
Slime:3:  layout_caves
Slime:4:  layout_caves
Slime:5
Orc:1:    layout_caves, uniq_sonja
Orc:2:    st_orc_pillars, layout_diamond_mine

Skill      XL: |  1  2  3  4  5  6  7  8  9 10 11 12 13 14 |
---------------+-------------------------------------------+-----
Summonings     | 5 6 7 8 9 10 11 12 14 15 | 15.3
Spellcasting   | 3 4 5 7 8 9 10 13 | 13.5
Hexes          | 2 3 |  3.0
Fighting       | 1 3 4 6 8 9 12 13 | 13.3
Air Magic      | 1 3 4 |  4.7
Translocations | 6 8 10 | 10.1
Transmutations | 1 3 |  3.4
Dodging        | 4 8 10 | 10.3
Stealth        | |  2.6
Conjurations   | |  0.5

Action                   |  1- 3 |  4- 6 |  7- 9 | 10-12 | 13-15 || total
-------------------------+-------+-------+-------+-------+-------++-------
Melee: Unarmed           |    35 |    43 |   105 |    21 |    29 ||   233
       Bite              |     3 |     2 |     7 |     1 |     1 ||    14
 Cast: Summon Small Mamm |    44 |    27 |     2 |       |     2 ||    75
       Call Canine Famil |     8 |    25 |    65 |    23 |    18 ||   139
       Summon Guardian G |       |    12 |    22 |    16 |       ||    50
       Summon Lightning  |       |       |    34 |    18 |     5 ||    57
       Summon Forest     |       |       |    14 |    29 |    47 ||    90
       Summon Cactus Gia |       |       |       |    35 |    66 ||   101
       Summon Hydra      |       |       |       |       |    57 ||    57
Evoke: Wand              |       |       |       |       |     1 ||     1
  Use: Scroll            |     1 |     5 |    12 |     9 |    10 ||    37
       Potion            |       |       |     5 |       |     2 ||     7
 Stab: Sleeping          |     4 |     4 |       |       |       ||     8
       Distracted        |       |       |       |       |     1 ||     1
Armor: Skin              |     6 |     8 |    14 |     4 |     2 ||    34
Dodge: Dodged            |    44 |    47 |   157 |    54 |   102 ||   404

Table legend: (Time is in decaauts)
 A = Elapsed time spent in this place.
 B = Non-inter-level travel time spent in this place.
 C = Inter-level travel time spent in this place.
 D = Time resting spent in this place.
 E = Time spent auto-exploring this place.
 F = Levels seen in this place.
 G = Mean time per level.
                   A        B        C        D        E       F      G
               +--------+--------+--------+--------+--------+-----+--------+
         Total |  27291 |  26315 |    976 |   3141 |  17860 |  27 | 1010.8 |
       Dungeon |  15883 |  15299 |    584 |   2151 |  10232 |  11 | 1443.9 |
        Temple |    157 |    132 |     25 |      0 |    108 |   1 |  157.0 |
          Lair |   7973 |   7711 |    262 |    846 |   5377 |   6 | 1328.8 |
    Slime Pits |    876 |    789 |     87 |      0 |    756 |   5 |  175.2 |
  Orcish Mines |   1098 |   1081 |     17 |      0 |    587 |   2 |  549.0 |
         Sewer |    835 |    835 |      0 |      0 |    604 |   1 |  835.0 |
       Volcano |    467 |    467 |      0 |    143 |    194 |   1 |  467.0 |
               +--------+--------+--------+--------+--------+-----+--------+

Top non-repeatable levels by time:
     D:5: 2508 daAuts
     D:7: 1845 daAuts
  Lair:5: 1815 daAuts
  Lair:6: 1813 daAuts
     D:2: 1692 daAuts
     D:8: 1615 daAuts
     D:6: 1566 daAuts
     D:4: 1345 daAuts
    D:10: 1320 daAuts
     D:1: 1309 daAuts
  Lair:2: 1266 daAuts
  Lair:3: 1182 daAuts
    D:11: 1164 daAuts
  Lair:4: 984 daAuts
  Lair:1: 910 daAuts
